 Dungeon Crawl Stone Soup version 0.23.2-33-g5129a83184 (webtiles) character file.

Game seed: 18033554051599899579

2118 Gildeon the Conjurer (level 9, 0/53 HPs)
             Began as a Gargoyle Earth Elementalist on July 4, 2019.
             Was a High Priest of Cheibriados.
             Slain by a killer bee (3 damage)
             ... on level 7 of the Dungeon.
             The game lasted 00:24:27 (4848 turns).

Gildeon the Conjurer (Gargoyle Earth Elementalist)  Turns: 4848, Time: 00:24:28

Health: 0/53       AC: 11    Str: 22    XL:     9   Next: 29%
Magic:  2/16       EV: 16    Int: 31    God:    Cheibriados [*****.]
Gold:   323        SH:  0    Dex: 21    Spells: 3/18 levels left

rFire    . . .     SeeInvis +   y - +2 flail (crush)
rCold    . . .     Gourm    .   (no shield)
rNeg     + . .     Faith    +   c - +0 robe
rPois    ∞         Spirit   .   n - +0 helmet
rElec    +         Reflect  .   a - +0 cloak
rCorr    .         Harm     .   (no gloves)
MR       .....                  (no boots)
Stlth    ++........             m - amulet of faith
HPRegen  0.17/turn              o - ring of see invisible
MPRegen  0.15/turn              (no ring)

@: very slow
A: negative energy resistance 1, electricity resistance, unbreathing,
petrification resistance, rot immunity, AC +6
a: Bend Time, Temporal Distortion, Slouch, Step From Time, Renounce Religion


You were on level 7 of the Dungeon.
You worshipped Cheibriados.
Cheibriados was extremely pleased with you.
You were not hungry.

You visited 1 branch of the dungeon, and saw 7 of its levels.

You collected 420 gold pieces.
You spent 97 gold pieces at shops.

Inventory:

Hand Weapons
 y - a +2 flail of crushing (weapon)
Armour
 a - a +0 cloak (worn)
 c - a +0 robe (worn)
 n - a +0 helmet (worn)
Jewellery
 m - an amulet of faith (around neck)
 o - a ring of see invisible (left hand)
Wands
 u - a wand of polymorph (9)
 w - a wand of scattershot (5)
Scrolls
 e - a scroll of magic mapping
 f - 4 scrolls of fog
 i - 2 scrolls of amnesia
 j - a scroll of teleportation
 l - a scroll of enchant armour {unknown}
 p - a scroll of fear
 s - a scroll of noise {unknown}
 x - 2 scrolls of remove curse
 A - 2 scrolls of vulnerability {unknown}
Potions
 g - 2 potions of agility
 h - 2 potions of flight
 r - 2 potions of invisibility
 t - a potion of heal wounds
 z - a potion of lignification {unknown}
Comestibles
 d - 11 rations


   Skills:
 + Level 4.9 Fighting
 + Level 4.0 Armour
 - Level 5.0 Dodging
 - Level 2.1 Stealth
 - Level 5.0 Spellcasting
 - Level 5.1 Conjurations
 + Level 3.2 Transmutations
 - Level 5.0 Earth Magic


You had 3 spell levels left.
You knew the following spells:

 Your Spells              Type           Power        Failure   Level  Hunger
a - Sandblast             Erth           #####.       1%          1    None
b - Passwall              Tmut/Erth      ####....     1%          2    None
c - Stone Arrow           Conj/Erth      #####.       1%          3    None
d - Petrify               Tmut/Erth      ####....     10%         4    ###....
e - Lee's Rapid Deconstr  Erth           #####.....   19%         5    #####..

Your spell library contained the following spells:

 Spells                   Type           Power        Failure   Level  Hunger


Dungeon Overview and Level Annotations

Branches:
Dungeon (7/15)
 Temple: D:4-7

Altars:
Ashenzari
Cheibriados
Gozag
Makhleb
Nemelex Xobeh
Okawaru
Sif Muna

Shops:
D:6 ?*


Innate Abilities, Weirdness & Mutations

You are resistant to torment.
Your stone body is resilient. (AC +6)
You are immune to poison.
You resist negative energy. (rN+)
You are resistant to electric shocks. (rElec)
You can survive without breathing.
You are immune to petrification.
You are immune to rotting.


Message History

The stone arrow misses the killer bee.
The stone arrow hits the killer bee!!
You kill the killer bee!
Cheibriados thoroughly appreciates the change of pace.
The killer bee misses you. The killer bee closely misses you.
Casting: Stone Arrow (safe; 1% risk of failure)
Confirm with . or Enter, or press ? or * to list all spells.
Aiming: Stone Arrow (safe; 1% risk of failure)
Press: ? - help, Shift-Dir - straight line, f/p - killer bee
Aim: a killer bee (heavily wounded)
The stone arrow hits the killer bee!
You kill the killer bee!
Cheibriados thoroughly appreciates the change of pace.
Your Armour skill increases to level 4!
Casting: Stone Arrow (safe; 1% risk of failure)
Confirm with . or Enter, or press ? or * to list all spells.
Aiming: Stone Arrow (safe; 1% risk of failure)
Press: ? - help, Shift-Dir - straight line, f - killer bee
Aim: a killer bee The stone arrow misses the killer bee.
The killer bee stings you.
You die...

#.# .# #.# #.# #.#
#.# #.# #.# #.# #.#
#.# #.# ###
#..######.###.###.#
...
#..<...@y.†.......#
...
#.#.#####.###.#####
...
#.#...#######...
#.#.#...........
#.#.#.#######...
..#.#.÷.....<...
..#.#.#######...
..#.#.# ... #.#.#
#.#


You could see a killer bee.

Vanquished Creatures
  A hippogriff (D:7)
  A hungry ghost (D:7)
  Eustachio (D:6)
  Duvessa (D:6)
  An orc warrior (D:6)
  A centaur (D:5)
  3 bullfrogs
  Dowan (D:6)
  4 killer bees (D:7)
  A howler monkey (D:6)
  4 crimson imps
  A centaur zombie (D:6)
  4 hounds
  2 orc priests
  5 orc wizards
  3 iguanas
  3 worker ants
  A killer bee zombie (D:5)
  2 worker ant zombies
  12 adders
  2 oozes
  An adder zombie (D:6)
  2 adder skeletons
  5 worms
  A dart slug (D:3)
  3 leopard geckos
  10 orcs
  5 giant cockroaches
  9 goblins
  5 hobgoblins
  7 jackals
  7 quokkas
  A ball python (D:5)
  9 bats
  5 frilled lizards
  9 kobolds
  A leopard gecko skeleton (D:6)
  9 rats
143 creatures vanquished.

Notes
Turn   | Place    | Note
-------+----------+-------------------------------------------
     0 | D:1      | Gildeon the Gargoyle Earth Elementalist began the quest for
                  | the Orb.
     0 | D:1      | Reached XP level 1. HP: 10/10 MP: 3/3
   234 | D:1      | Reached XP level 2. HP: 15/15 MP: 1/5
   266 | D:1      | Learned a level 2 spell: Passwall
   425 | D:1      | Reached XP level 3. HP: 19/19 MP: 3/6
   557 | D:2      | Found an iron altar of Okawaru.
   804 | D:2      | Found an opulent altar of Gozag.
   900 | D:2      | Learned a level 3 spell: Stone Arrow
  1015 | D:2      | Reached XP level 4. HP: 24/24 MP: 8/8
  1509 | D:3      | Found a snail-covered altar of Cheibriados.
  1512 | D:3      | Became a worshipper of Cheibriados the Contemplative
  1640 | D:3      | Found a shattered altar of Ashenzari.
  1975 | D:3      | Reached XP level 5. HP: 25/28 MP: 5/9
  2005 | D:3      | Reached * piety under Cheibriados
  2005 | D:3      | Reached skill level 5 in Earth Magic
  2011 | D:3      | Learned a level 4 spell: Petrify
  2421 | D:4      | Reached skill level 1 in Conjurations
  2423 | D:4      | Reached XP level 6. HP: 22/32 MP: 5/11
  2799 | D:4      | Reached ** piety under Cheibriados
  2973 | D:4      | Found a sparkling altar of Nemelex Xobeh.
  3251 | D:4      | Found a burning altar of Makhleb.
  3387 | D:5      | Entered Level 5 of the Dungeon
  3604 | D:5      | Reached XP level 7. HP: 20/36 MP: 7/13
  3883 | D:5      | Reached *** piety under Cheibriados
  3891 | D:5      | Learned a level 5 spell: Lee's Rapid Deconstruction
  4319 | D:6      | Noticed Eustachio
  4340 | D:6      | Reached skill level 5 in Spellcasting
  4343 | D:6      | Reached XP level 8. HP: 32/41 MP: 10/15
  4381 | D:6      | Found Kufrapp's Magic Scroll Shop.
  4405 | D:6      | Killed Eustachio
  4405 | D:6      | Reached skill level 1 in Fighting
  4443 | D:6      | Reached **** piety under Cheibriados
  4443 | D:6      | Reached skill level 5 in Conjurations
  4487 | D:6      | Reached skill level 5 in Dodging
  4487 | D:6      | Reached skill level 1 in Transmutations
  4502 | D:6      | Noticed Duvessa
  4503 | D:6      | Noticed Dowan
  4510 | D:6      | Killed Duvessa
  4510 | D:6      | Reached skill level 1 in Armour
  4513 | D:6      | Killed Dowan
  4514 | D:6      | Found Sephisuu's General Store.
  4583 | D:6      | Bought a scroll of enchant weapon for 97 gold pieces
  4602 | D:6      | Found a deep blue altar of Sif Muna.
  4804 | D:7      | Reached XP level 9. HP: 45/52 MP: 3/16
  4825 | D:7      | Reached ***** piety under Cheibriados
  4845 | D:7      | HP: 2/52 [killer bee (7)]
  4848 | D:7      | Slain by a killer bee

Skill      XL: |  1  2  3  4  5  6  7  8  9 |
---------------+----------------------------+-----
Dodging        | 2 3 4 5 |  5.0
Earth Magic    | 4 5 |  5.0
Spellcasting   | 3 4 5 |  5.0
Conjurations   | 1 2 4 5 |  5.1
Fighting       | 4 |  4.9
Transmutations | 2 3 |  3.2
Armour         | 3 4 |  4.0
Stealth        | |  2.1

Action                   |  1- 3 |  4- 6 |  7- 9 || total
-------------------------+-------+-------+-------++-------
Melee: Club              |    42 |   232 |    65 ||   339
       Flail             |       |       |    41 ||    41
 Cast: Sandblast         |    32 |    83 |    72 ||   187
       Stone Arrow       |       |       |    14 ||    14
  Use: Scroll            |     5 |     6 |     5 ||    16
       Potion            |       |       |     3 ||     3
 Stab: Sleeping          |     1 |     3 |     2 ||     6
       Distracted        |       |       |     1 ||     1
  Eat: Chunk             |     1 |     2 |     4 ||     7
       Ration            |       |     1 |     1 ||     2
Armor: Robe              |    44 |   159 |    72 ||   275
Dodge: Dodged            |    55 |   303 |   188 ||   546
